 Dungeon Crawl Stone Soup version 0.18-a0-1343-g48c8f86 (webtiles) character file.

25 ololoev the Magician (level 2, 0/15 HPs)
             Began as a Deep Elf Fire Elementalist on Feb 16, 2016.
             Slain by a jackal (1 damage)
             ... on level 2 of the Dungeon.
             The game lasted 00:04:17 (471 turns).

ololoev the Magician (Deep Elf Fire Elementalist)    Turns: 471, Time: 00:04:17

Health: 0/15       AC:  2    Str:  5    XL:     2   Next: 86%
Magic:  1/8        EV: 13    Int: 19    God:
Gold:   81         SH:  0    Dex: 15    Spells: 1 memorised, 7 levels left

rFire  . . .     SeeInvis .     m - +0 short sword (drain)
rCold  . . .     Gourm    .     a - +0 robe
rNeg   . . .     Faith    .     (no shield)
rPois  .         Spirit   .     (no helmet)
rElec  .         Dismiss  .     (no cloak)
rCorr  .         Reflect  .     (no gloves)
SustAt .         Harm     .     (no boots)
MR     .....                    (no amulet)
Stlth  ++........               (no ring)
                                (no ring)

@: not resistant to hostile enchantments, unstealthy
A: no striking features
a: no special abilities

Inventory:

Hand Weapons
 m - a +0 short sword of draining (weapon)
Armour
 a - a +0 robe (worn)
Scrolls
 e - 6 scrolls of identify {unknown}
 f - a scroll of enchant armour {unknown}
 k - a scroll of magic mapping {unknown}
Potions
 d - 2 potions of curing {unknown}
 g - a potion of beneficial mutation {unknown}
 h - 2 potions of lignification {unknown}
 i - a potion of flight {unknown}
 j - a potion of resistance {unknown}
Books
 b - a book of Flames

   Spells                             Type                      Level
   a - Flame Tongue                   Conjuration/Fire             1
   b - Throw Flame                    Conjuration/Fire             2
   c - Conjure Flame                  Conjuration/Fire             3
   d - Inner Flame                    Hexes/Fire                   3
   e - Sticky Flame                   Conjuration/Fire             4
   f - Fireball                       Conjuration/Fire             5
Comestibles
 c - a bread ration
 l - a slice of pizza


   Skills:
 - Level 2.4 Dodging
 - Level 2.4 Stealth
 + Level 3.5 Spellcasting
 * Level 2.4 Conjurations
 + Level 3.5 Fire Magic


You had 7 spell levels left.
You knew the following spells:

 Your Spells              Type           Power        Failure   Level  Hunger
a - Flame Tongue          Conj/Fire      ##...        6%          1    None


You were on level 2 of the Dungeon.
You were not hungry.

You visited 1 branch of the dungeon, and saw 2 of its levels.

You collected 81 gold pieces.

#.### #.. #.# #.. #.#
### #.# #.# #.#
..##############.#
.......h.......#.####
......h@............###.
.############.#####....#
#.# #.###. ..# #.. #..#
#..# #..# ##..# #...
....# #.#. #.#.# #. .
#.#.#

Notes
Turn   | Place    | Note
--------------------------------------------------------------
     0 | D:1      | ololoev the Deep Elf Fire Elementalist began the quest for the Orb.
     0 | D:1      | Reached XP level 1. HP: 10/10 MP: 6/6
   102 | D:1      | Reached XP level 2. HP: 15/15 MP: 4/8
   182 | D:2      | Found a bloodstained altar of Trog.
   333 | D:1      | Found a shimmering altar of Xom.
   471 | D:2      | Slain by a jackal

Dungeon Overview and Level Annotations

Branches:
Dungeon (2/15)

Altars:
Trog
Xom


Message History

Aim: a hobgoblin, wielding a club The flame tongue hits the hobgoblin.
The hobgoblin is heavily wounded.
The hobgoblin hits you with a club. The jackal misses you.
The jackal closely misses you.
Casting: Flame Tongue
Confirm with . or Enter, or press ? or * to list all spells.
Aiming: Flame Tongue
Press: ? - help, Shift-Dir - straight line, f/p - hobgoblin
Aim: a hobgoblin, wielding a club (heavily wounded)
The flame tongue hits the hobgoblin.
You kill the hobgoblin!
The jackal bites you. The jackal closely misses you.
Casting: Flame Tongue
Confirm with . or Enter, or press ? or * to list all spells.
Aiming: Flame Tongue
Press: ? - help, Shift-Dir - straight line, f - jackal
Aim: a jackal The flame tongue misses the jackal.
The jackal bites you but does no damage.
The jackal closely misses you. The jackal bites you.
Casting: Flame Tongue
Confirm with . or Enter, or press ? or * to list all spells.
Aiming: Flame Tongue
Press: ? - help, Shift-Dir - straight line, f/p - jackal
Aim: a jackal The flame tongue hits the jackal.
The jackal is severely wounded.
The jackal bites you. The jackal closely misses you.
The jackal barely misses you. x2
Casting: Flame Tongue
Confirm with . or Enter, or press ? or * to list all spells.
Aiming: Flame Tongue
Press: ? - help, Shift-Dir - straight line, f/p - jackal
Aim: a jackal (heavily wounded)
The flame tongue hits the jackal.
You kill the jackal!
The jackal bites you but does no damage. x2
You closely miss the jackal. The jackal bites you. x2
You die...

You could see 2 jackals.

Vanquished Creatures
  A ball python (D:1)
  4 giant cockroaches
  2 goblins
  4 hobgoblins
  3 jackals
  4 kobolds
  A giant newt (D:2)
  2 rats
21 creatures vanquished.

Action                   || total
-------------------------++-------
Melee: Unarmed           ||     2
       Short sword       ||     2
 Cast: Flame Tongue      ||    30
 Stab: Sleeping          ||     1

Vault maps used:
D:1:      sevenhm_arrival_forest_fort_small_4, serial_park_tiny_2,
          amethyst_killhole, serial_park_tiny_pond, xom_teletrap_fun
D:2:      trog_three_pillars_becter
